 Dungeon Crawl Stone Soup version 0.31-a0-934-gf4fcaacff8 (webtiles) character file.

Game seed: 5411926860170351914

152984 BinkBink the Acrobat (level 17, -28/91 HPs)
             Began as a Spriggan Hunter on Oct 20, 2023.
             Was the Champion of the Shining One.
             Killed from afar by a frost giant (43 damage)
             ... with a bolt of cold
             ... on level 1 of the Depths.
             The game lasted 01:25:57 (38619 turns).

BinkBink the Acrobat (Spriggan Hunter)             Turns: 38619, Time: 01:25:58

Health: -28/91     AC: 15    Str:  7    XL:     17   Next: 3%
Magic:  18/18      EV: 60    Int: 11    God:    the Shining One [******]
Gold:   2753       SH:  0    Dex: 26    Spells: 16/16 levels left

rFire   . . .        a - +9 shortbow
rCold   . . .        (shield currently unavailable)
rNeg    + + +        q - +5 steam dragon scales
rPois   .            M - +2 hat
rElec   .            k - +2 cloak {rCorr}
rCorr   +            (gloves unavailable)
SInv    +            (boots unavailable)
Will    ++...        F - amulet of the acrobat
Stlth   +++          f - ring of flight
HPRegen 0.35/turn    S - +4 ring of slaying
MPRegen 0.16/turn

%: acrobat, clarity
@: acrobatic, flying, glowing, very quick
A: very small, no large weapons, unfitting armour, see invisible, speed 3,
clarity, sense surroundings 1
a: Renounce Religion, Divine Shield, Cleansing Flame, Summon Divine Warrior,
Brand Weapon With Holy Wrath


You were on level 1 of the Depths.
You worshipped the Shining One.
The Shining One was exalted by your worship.
You visited 8 branches of the dungeon, and saw 28 of its levels.
You also visited: Bailey, Gauntlet and Ice Cave.

You collected 3117 gold pieces.
You spent 364 gold pieces at shops.

Inventory:

Hand Weapons
 a - a +9 shortbow (weapon)
 I - a +1 shortbow of freezing
Missiles
 n - 4 throwing nets
Armour
 k - a +2 cloak of preservation (worn)
 q - +5 steam dragon scales (worn)
 M - a +2 hat (worn)
Jewellery
 f - a ring of flight (left hand)
 l - a ring of poison resistance
 p - a +6 ring of intelligence
 C - a ring of willpower
 F - an amulet of the acrobat (around neck)
 G - the ring of the Rabble {+Blink Str+6}
   (You found it on level 11 of the Dungeon)

   [ring of strength]

   Str+6:     It affects your strength (+6).
   +Blink:    It lets you blink.
 H - a ring of protection from fire
 K - a +6 ring of strength
 N - a +4 ring of protection
 Q - a ring of protection from cold
 S - a +4 ring of slaying (right hand)
 U - the ring "Suuvvo" {Wiz Stlth+}
   (You took it off a minotaur in a Gauntlet)

   [ring of wizardry]

   Wiz:       It improves your spell success rate.
   Stlth+:    It makes you more stealthy.
Talismans
 y - a maw talisman
Wands
 t - a wand of flame (48)
 v - a wand of polymorph (10)
 x - a wand of quicksilver (27)
 B - a wand of charming (12)
 E - a wand of iceblast (14)
 T - a wand of mindburst (14)
Scrolls
 b - 2 scrolls of butterflies
 c - 6 scrolls of fear
 i - 4 scrolls of immolation
 j - 9 scrolls of teleportation
 r - 8 scrolls of revelation
 J - a scroll of silence
 L - a scroll of enchant weapon
 P - a scroll of poison
Potions
 d - 5 potions of mutation
 e - 5 potions of might
 g - 10 potions of curing
 o - 8 potions of brilliance
 s - 2 potions of berserk rage
 u - 2 potions of lignification
 w - 4 potions of haste
 z - 2 potions of enlightenment
 A - 2 potions of resistance
 D - a potion of ambrosia


   Skills:
 + Level 11.2 Fighting
 + Level 18.6 Ranged Weapons
 * Level 22.9 Dodging
 + Level 19.5 Stealth


You had 16 spell levels left.
You didn't know any spells.
Your spell library contained the following spells:

 Spells                   Type           Power      Damage    Failure   Level
 Magic Dart               Conj           0%         1d3       34%         1
 Shock                    Conj/Air       0%         1d3       34%         1
 Call Imp                 Summ           0%         N/A       47%         2
 Call Canine Familiar     Summ           0%         N/A       71%         3
 Dazzling Flash           Conj/Hex       0%         N/A       71%         3
 Inner Flame              Hex/Fire       0%         N/A       71%         3
 Mephitic Cloud           Conj/Pois/Air  0%         N/A       71%         3
 Sigil of Binding         Hex            0%         N/A       71%         3
 Stone Arrow              Conj/Erth      0%         3d7       71%         3
 Summon Guardian Golem    Hex/Summ       0%         N/A       71%         3
 Swiftness                Air            0%         N/A       71%         3
 Tukima's Dance           Hex            0%         N/A       71%         3
 Volatile Blastmotes      Fire/Tloc      0%         2d10      71%         3
 Airstrike                Air            0%         2d(0-16)  98%         4
 Anguish                  Hex/Necr       0%         N/A       98%         4
 Animate Armour           Summ/Erth      0%         N/A       98%         4
 Brom's Barrelling Bould  Conj/Erth      0%         2d3       98%         4
 Cause Fear               Hex            0%         N/A       98%         4
 Dimensional Bullseye     Hex/Tloc       0%         N/A       98%         4
 Flame Wave               Conj/Fire      0%         2d4       98%         4
 Iskenderun's Mystic Bla  Conj/Tloc      0%         2d3       98%         4
 Leda's Liquefaction      Hex/Erth       0%         N/A       98%         4
 Sticky Flame             Conj/Fire      0%         2d3       98%         4
 Summon Lightning Spire   Summ/Air       0%         N/A       98%         4
 Vhi's Electric Charge    Tloc/Air       0%         N/A       98%         4
 Agony                    Necr           0%         N/A       100%        5
 Arcjolt                  Conj/Air       0%         1d10      100%        5
 Lee's Rapid Deconstruct  Erth           0%         3d4*      100%        5
 Silence                  Hex/Air        0%         N/A       100%        5
 Conjure Ball Lightning   Conj/Air       0%         3x3d6     100%        6
 Plasma Beam              Fire/Air       0%         2x1d10    100%        6
 Starburst                Conj/Fire      0%         6d3       100%        6
 Enfeeble                 Hex            0%         N/A       100%        7
 Orb of Destruction       Conj           0%         9d5       100%        7
 Spellforged Servitor     Conj/Summ      0%         N/A       100%        7
 Discord                  Hex            0%         N/A       100%        8
 Disjunction              Tloc           0%         N/A       100%        8
 Lehudib's Crystal Spear  Conj/Erth      0%         10d2      100%        8
 Maxwell's Capacitive Co  Air            0%         ∞         100%        8


Dungeon Overview and Level Annotations

Branches:
Dungeon (15/15)            Temple (1/1) D:4            Lair (5/5) D:11
 Shoals (1/4) Lair:3        Snake (1/4) Lair:2        Slime (0/5) Lair:5
    Orc (2/2) D:9             Elf (2/3) Orc:2        Vaults (0/5) D:13
 Depths (1/4) D:15         Bailey (visited)           IceCv (visited)
Gauntlet (visited)

Altars:
Ashenzari
Cheibriados
Dithmenos
Elyvilon
Fedhas
Gozag
Hepliaklqana
Kikubaaqudgha
Makhleb
Nemelex Xobeh
Okawaru
Qazlal
Ru
Sif Muna
Trog
Uskayaw
Vehumet
Wu Jian
Xom
Yredelemnul
Zin
The Shining One
Jiyva

Shops:
D:7 (   D:8 *   D:14 ?[==   Orc:2 ?[(=*   Elf:1 [:(=?

Portals:
Abyss: Depths:1

Annotations:
Shoals:1 Aizul
Snake:1 Asterion
Orc:2 Saint Roka
Elf:2 3 runed translucent doors


Innate Abilities, Weirdness & Mutations

You are very small and have problems with some larger weapons.
You are too small for most types of armour.
You have supernaturally acute eyesight. (SInv)
You cover ground extremely quickly. (Speed+++)
You possess an exceptional clarity of mind.
You passively map a small area around you.


Message History

You shoot an arrow. The arrow hits the fire giant!
The fire giant is severely wounded.
You shoot an arrow. The arrow hits the fire giant.
The fire giant is almost dead.
You shoot an arrow. The arrow hits the fire giant!
The fire giant is almost dead.
You shoot an arrow. The arrow hits the fire giant!
The fire giant is almost dead.
The fire giant points at you and mumbles some strange words.
The bolt of fire misses you.
You shoot an arrow. The arrow hits the fire giant!
You kill the fire giant!
Things that are here:
a +3 great sword of flaming; a fire giant corpse You start resting.
An ice dragon comes into view.
You shoot an arrow. The ice dragon roars deafeningly!
The arrow hits the ice dragon!
The ice dragon is lightly wounded.
The ice dragon breathes frost at you. The blast of cold hits you!!!
Ouch! That really hurt!
* * * LOW HITPOINT WARNING * * *
You hear a shout!
You hear two shouts!
There is a one-way gate to the infinite horrors of the Abyss here.
You start resting.
An ice dragon is nearby!
The ice dragon breathes frost at you. The blast of cold misses you.
You hear a shout!
A frost giant comes into view.
It is wielding a +2 battleaxe of freezing.
There is a one-way gate to the infinite horrors of the Abyss here.
Things that are here:
a +3 great sword of flaming; a fire giant corpse The frost giant gestures at you while chanting.
The bolt of cold misses you. The frost giant casts a spell at you.
The bolt of cold hits you!!!
You die...

* ,* *
#......# * *
* #....[.#
#......#
#...... ,
#$... , * ,
#..### * ,
#..C.#####,,
#<.......#,
#.##.###@#
***
#.##...#.# ,
#.####)#.#,,*
,,
#.####∩###, *
#.D....# ,, *
######## * *


You could see a frost giant.

Vanquished Creatures
  Gastronok (D:10)
  A fire giant (Depths:1)
  A deep elf elementalist (Elf:1)
  An ironbound preserver (D:13)
  A stone giant (D:15)
  The ghost of Talonman3 the Slicer, a journeyman KoNe of Nemelex Xobeh (Lair:2)
  2 minotaurs
  A merfolk impaler (Shoals:1)
  A fire dragon (D:13)
  Snorg (D:14)
  A merfolk javelineer (Shoals:1)
  8 hydras
  2 vault guards (Bailey)
  5 catoblepae
  3 centaur warriors
  5 boulder beetles
  A death knight (D:14)
  The ghost of Nattfarinn the Cleaver, a journeyman FoSh of Hepliaklqana (D:10)
  12 dancing weapons
  A merfolk avatar (Shoals:1)
  An anaconda (Snake:1)
  2 naga warriors (Snake:1)
  A deep troll shaman (Lair:5)
  6 tengu warriors
  6 two-headed ogres
  An orc high priest (Orc:2)
  4 death yaks (Lair:5)
  A naga sharpshooter (Snake:1)
  Urug (D:11)
  A shock serpent (Snake:1)
  Amaemon (Lair:1)
  2 fire crabs (Gauntlet)
  8 deep elf knights
  A skyshark (Lair:2)
  An arcanist (D:15)
  3 sea snakes (Shoals:1)
  8 deep elf archers
  2 lindwurms (Lair:2)
  Pikel (D:7)
  14 deep elf pyromancers
  4 orc knights
  14 deep elf zephyrmancers
  2 mana vipers (Snake:1)
  6 manticores
  6 orc sorcerers
  An oklob plant (Lair:5)
  4 fauns (Shoals:1)
  4 cyclopes
  12 ugly things
  A salamander (Snake:1)
  A moth of wrath (D:10)
  A water nymph (Shoals:1)
  5 merfolk sirens
  A naga mage (Snake:1)
  9 black mambas
  11 elephants
  A gargoyle (D:12)
  An orange demon (Lair:1)
  16 cane toads
  3 unseen horrors
  An efreet (D:15)
  3 rime drakes
  12 komodo dragons
  3 tengu conjurers
  4 trolls
  5 merfolk (Shoals:1)
  6 polar bears
  A wind drake (Shoals:1)
  A meliai (D:13)
  Grinder (D:4)
  Prince Ribbit (Bailey)
  3 snapping turtles (Shoals:1)
  19 blink frogs
  7 dream sheep (Lair:4)
  11 slime creatures
  A centaur simulacrum (D:14)
  6 flying skulls (Gauntlet)
  Sigmund (D:6)
  An air elemental (Elf:1)
  11 wyverns
  A dire elephant simulacrum (IceCv)
  A yak (shapeshifter) (D:14)
  9 water elementals
  2 shadows
  4 fire elementals
  5 fire bats (Gauntlet)
  4 wraiths
  6 basilisks
  4 humans (Bailey)
  Eustachio (D:4)
  72 yaks
  A death yak simulacrum (IceCv)
  3 steam dragons
  16 vampire mosquitoes
  A warg (Orc:1)
  Edmund (D:4)
  3 acid dragons
  4 nagas
  13 water moccasins
  A hydra simulacrum (IceCv)
  3 ice beasts
  3 black bears
  27 orc warriors
  8 ogres
  23 wolves
  A centaur (D:12)
  2 phantoms (D:6)
  A lemure (D:8)
  17 bullfrogs
  2 kobold brigands
  5 gnoll sergeants
  3 earth elementals
  8 scorpions
  A cane toad simulacrum (IceCv)
  2 two-headed ogre simulacra (D:11)
  14 wights
  An elephant simulacrum (IceCv)
  16 killer bees
  11 howler monkeys
  4 hounds
  7 jellies
  10 orc priests
  4 iguanas
  A sleepcap (D:4)
  26 orc wizards
  A troll simulacrum (D:11)
  25 gnolls
  4 adders
  A naga simulacrum (D:11)
  A shadow imp (D:7)
  A white imp (D:7)
  An ufetubus (D:5)
  3 worms
  2 dart slugs
  74 orcs
  4 ball pythons
  8 bats
  9 endoplasms
  3 giant cockroaches
  11 goblins
  16 hobgoblins
  9 jackals
  16 kobolds
  2 quokkas (D:5)
  3 frilled lizards
  8 rats
870 creatures vanquished.

Vanquished Creatures (others)
  A merfolk aquamancer (Shoals:1)
  A deep elf pyromancer (Elf:2)
2 creatures vanquished.

Grand Total: 872 creatures vanquished

Notes
Turn   | Place    | Note
-------+----------+-------------------------------------------
     0 | D:1      | BinkBink the Spriggan Hunter began the quest for the Orb.
     0 | D:1      | Reached XP level 1. HP: 10/10 MP: 2/2
    70 | D:1      | Reached XP level 2. HP: 14/14 MP: 3/3
   581 | D:1      | Reached skill level 5 in Ranged Weapons
   589 | D:1      | Reached XP level 3. HP: 18/18 MP: 4/4
  1164 | D:2      | Reached XP level 4. HP: 13/22 MP: 5/5
  2139 | D:4      | Found a staircase to the Ecumenical Temple.
  2146 | Temple   | Entered the Ecumenical Temple
  2158 | Temple   | Became a worshipper of the Shining One
  2227 | D:4      | Reached XP level 5. HP: 22/25 MP: 6/6
  2327 | D:4      | Noticed an ogre
  2331 | D:4      | HP: 1/25 [ogre/+0 giant club (24)]
  2378 | D:4      | Killed an ogre
  2512 | D:4      | Noticed Eustachio
  2599 | D:4      | Killed Eustachio
  2600 | D:4      | Reached XP level 6. HP: 27/30 MP: 7/7
  2665 | D:4      | Noticed Grinder
  2749 | D:4      | Killed Grinder
  2750 | D:4      | Reached XP level 7. HP: 33/33 MP: 8/8
  2946 | D:4      | Identified the +0 bardiche of Resourcefulness {protect, rC+
                  | Will+}
  2982 | D:4      | Noticed Edmund
  3159 | D:4      | Killed Edmund
  3171 | D:4      | Identified a scroll of acquirement
  3171 | D:4      | Acquired a +2 cloak of preservation
  3377 | D:5      | Entered Level 5 of the Dungeon
  3710 | D:5      | Reached skill level 10 in Ranged Weapons
  3725 | D:5      | Reached XP level 8. HP: 36/37 MP: 9/9
  4547 | D:5      | Gained mutation: You possess an exceptional clarity of
                  | mind. [potion of mutation]
  4547 | D:5      | Gained mutation: You passively map a small area around you.
                  | [potion of mutation]
  5057 | D:6      | Noticed Sigmund
  5093 | D:6      | Killed Sigmund
  5160 | D:6      | Reached * piety under the Shining One
  5502 | D:7      | Found Wyfusm's Antique Weapon Shoppe.
  5576 | D:7      | Found a white marble altar of Elyvilon.
  5803 | D:7      | Reached XP level 9. HP: 41/41 MP: 10/10
  5912 | D:7      | Found a shadowy altar of Dithmenos.
  6587 | D:8      | Noticed Pikel
  6640 | D:7      | Killed Pikel
  6683 | D:7      | Reached skill level 3 in Dodging
  6928 | D:8      | Found Wemior's Assorted Antiques.
  7087 | D:8      | Reached skill level 4 in Dodging
  7283 | D:8      | Found an ancient bone altar of Kikubaaqudgha.
  7540 | D:8      | Reached XP level 10. HP: 46/46 MP: 11/11
  7802 | D:9      | Reached skill level 5 in Dodging
  7855 | D:9      | Found a staircase to the Orcish Mines.
  7994 | D:9      | Noticed a two-headed ogre
  8021 | D:9      | Killed a two-headed ogre
  8022 | D:9      | Reached skill level 6 in Dodging
  8022 | D:9      | Reached skill level 5 in Stealth
  8086 | D:9      | Reached ** piety under the Shining One
  8106 | D:9      | Reached skill level 7 in Dodging
  8629 | D:9      | Identified the +4 rapier "Garatau" {antimagic, *Slow rC+
                  | Dex+3 Stlth+}
  8710 | D:10     | Entered Level 10 of the Dungeon
  8723 | D:10     | Reached *** piety under the Shining One
  8751 | D:10     | Reached skill level 8 in Dodging
  8879 | D:10     | Found a flagged portal.
  8888 | Bailey   | Entered a bailey
  9060 | Bailey   | Noticed Prince Ribbit
  9062 | Bailey   | Reached skill level 9 in Dodging
  9063 | Bailey   | Noticed a vault guard
  9065 | Bailey   | Reached XP level 11. HP: 53/53 MP: 12/12
  9082 | Bailey   | Killed Prince Ribbit
  9211 | Bailey   | Killed a vault guard
  9578 | Bailey   | Noticed a vault guard
  9615 | Bailey   | Killed a vault guard
  9793 | D:10     | Noticed Nattfarinn's ghost (journeyman FoSh)
  9795 | D:10     | Noticed a two-headed ogre
  9797 | D:10     | Found a bloodstained altar of Trog.
  9805 | D:10     | Noticed a tengu warrior
  9806 | D:10     | Found a transporter.
  9825 | D:10     | Found a transporter.
  9825 | D:10     | Noticed Gastronok
  9857 | D:10     | Killed Gastronok
  9858 | D:10     | Reached skill level 10 in Dodging
 10117 | D:10     | Found a shimmering altar of Xom.
 10313 | D:11     | Found a frozen archway.
 10359 | IceCv    | Entered an ice cave
 10359 | IceCv    | Noticed a white ugly thing
 10359 | IceCv    | Reached **** piety under the Shining One
 10373 | IceCv    | Found a transporter.
 10377 | IceCv    | Noticed a white ugly thing
 10382 | IceCv    | Found a transporter.
 10456 | IceCv    | Reached skill level 5 in Fighting
 10456 | IceCv    | Reached skill level 15 in Ranged Weapons
 10530 | IceCv    | Killed a white ugly thing
 10531 | IceCv    | Reached skill level 11 in Dodging
 11094 | D:11     | Found a staircase to the Lair.
 11192 | D:11     | Noticed a two-headed ogre
 11214 | D:11     | Killed a two-headed ogre
 11453 | D:11     | Reached skill level 12 in Dodging
 11453 | D:11     | Reached skill level 10 in Stealth
 11545 | D:11     | Reached XP level 12. HP: 60/60 MP: 13/13
 11578 | D:11     | Identified the ring of the Rabble {+Blink Str+6}
 12106 | Gauntlet | Identified the "Mialu"
 12106 | Orc:1    | Identified the "Ontikui"
 12106 | Orc:1    | Entered Level 1 of the Orcish Mines
 12162 | Orc:1    | Found a shimmering blue altar of Sif Muna.
 12363 | Orc:2    | Entered Level 2 of the Orcish Mines
 12621 | Orc:2    | Reached ***** piety under the Shining One
 12645 | Orc:2    | Found Baunkikeil's Magic Scroll Shoppe.
 12697 | Orc:2    | Noticed Saint Roka
 12698 | Orc:2    | Noticed an orc high priest
 12699 | Orc:2    | Noticed a two-headed ogre
 13073 | Orc:2    | Reached skill level 13 in Dodging
 13605 | Orc:2    | Killed an orc high priest
 13858 | Orc:2    | Found Lesymuts's Jewellery Shoppe.
 13912 | Orc:2    | Found Yliuxt's Antique Armour Shoppe.
 14087 | Orc:2    | Bought 3 scrolls of butterflies for 132 gold pieces
 14087 | Orc:2    | Bought a scroll of enchant weapon for 82 gold pieces
 14168 | Orc:2    | Killed a two-headed ogre
 14350 | Orc:2    | Found Vyfoa's General Store.
 14366 | Orc:2    | Found Nusid's Antique Weapon Shoppe.
 14373 | Orc:2    | Bought a glowing shortbow for 150 gold pieces
 14411 | Orc:2    | Found a staircase to the Elven Halls.
 14740 | Orc:2    | Reached skill level 14 in Dodging
 15793 | Lair:1   | Entered Level 1 of the Lair of Beasts
 15793 | Lair:1   | Noticed Urug
 15949 | D:11     | Killed Urug
 16011 | Lair:1   | Noticed a boulder beetle
 16107 | D:11     | Killed a boulder beetle
 16108 | D:11     | Reached XP level 13. HP: 54/66 MP: 14/14
 16469 | Lair:1   | Reached skill level 15 in Dodging
 16690 | Lair:1   | Noticed Amaemon
 16864 | Lair:1   | Killed Amaemon
 17289 | Lair:1   | Reached skill level 16 in Dodging
 18071 | Lair:2   | Noticed Talonman3's ghost (journeyman KoNe)
 18079 | Lair:2   | Noticed a minotaur
 18091 | Lair:2   | Found a runed translucent gate.
 18091 | Lair:2   | Found a runed translucent gate.
 18092 | Lair:2   | Found a runed translucent gate.
 18129 | Lair:2   | Found a staircase to the Snake Pit.
 18807 | Lair:2   | Reached skill level 17 in Dodging
 18923 | Lair:2   | Reached XP level 14. HP: 73/73 MP: 15/15
 19673 | Lair:3   | Reached ****** piety under the Shining One
 20501 | Lair:3   | Found a staircase to the Shoals.
 20924 | Lair:4   | Reached skill level 15 in Stealth
 21093 | Lair:3   | Reached skill level 18 in Dodging
 21454 | Lair:4   | Identified the +2 helmet "Eriurese" {+Blink rPois rN+
                  | Slay-6}
 22006 | Lair:5   | Entered Level 5 of the Lair of Beasts
 22239 | Lair:5   | Found a viscous altar of Jiyva.
 22262 | Lair:5   | Found a staircase to the Slime Pits.
 22883 | Lair:5   | Reached skill level 19 in Dodging
 23561 | Lair:5   | Reached XP level 15. HP: 79/79 MP: 16/16
 23566 | Lair:5   | Identified the staff "Muene" {rF+ Stlth+ Fire}
 25387 | D:13     | Found a gate to the Vaults.
 26306 | D:14     | Found Depifep's Jewellery Shop.
 26332 | D:14     | Noticed Snorg
 26373 | D:14     | Killed Snorg
 26374 | D:14     | Reached skill level 20 in Dodging
 26392 | D:14     | Found Sucallon's Armour Shop.
 26424 | D:14     | Found Qismy's Magic Scroll Boutique.
 26780 | D:14     | Found a gate leading to a gauntlet.
 26795 | Gauntlet | Entered a Gauntlet
 26795 | Gauntlet | Found a transporter.
 26795 | Gauntlet | Found a transporter.
 26796 | Gauntlet | Found a transporter.
 26799 | Gauntlet | Found a transporter.
 26799 | Gauntlet | Found a transporter.
 26811 | Gauntlet | Found a transporter.
 26814 | Gauntlet | Found a transporter.
 26824 | Gauntlet | Found a transporter.
 26830 | Gauntlet | Found a transporter.
 26847 | Gauntlet | Found a transporter.
 26855 | Gauntlet | Found a transporter.
 26872 | Gauntlet | Found a transporter.
 27358 | Gauntlet | Identified the ring "Suuvvo" {Wiz Stlth+}
 27813 | D:14     | Found Mesoylen's Jewellery Shoppe.
 27946 | D:15     | Entered Level 15 of the Dungeon
 27950 | D:15     | Identified the +2 falchion of Beogh's Delight {freeze,
                  | +Blink rPois Int+3}
 27955 | D:15     | Reached skill level 10 in Fighting
 28336 | D:15     | Found a staircase to the Depths.
 28944 | Shoals:1 | Entered Level 1 of the Shoals
 29057 | Shoals:1 | Reached skill level 21 in Dodging
 29188 | Shoals:1 | Reached XP level 16. HP: 85/85 MP: 17/17
 29441 | Shoals:1 | Noticed Aizul
 31993 | Snake:1  | Entered Level 1 of the Snake Pit
 32670 | Snake:1  | Noticed Asterion
 33212 | Lair:2   | Killed Talonman3's ghost
 33483 | D:10     | Killed Nattfarinn's ghost
 33574 | Vaults:5 | Identified the "Oneunkia"
 33574 | Vaults:5 | Identified the of Ochogew
 33574 | Crypt:3  | Identified the "Numag"
 33574 | Elf:1    | Entered Level 1 of the Elven Halls
 33889 | Elf:1    | Found Cergha's Weapon Shop.
 33891 | Elf:1    | Found Didum's Magic Scroll Boutique.
 33891 | Elf:1    | Found Acalelod's Antique Armour Shop.
 33896 | Elf:1    | Found Mieces's Jewellery Boutique.
 33990 | Elf:1    | Reached skill level 22 in Dodging
 34333 | Elf:1    | Paralysed by an air elemental for 1 turns
 34584 | Elf:1    | Found Xaithy's Book Shop.
 36893 | Elf:2    | Found a shimmering blue altar of Sif Muna.
 37070 | Elf:2    | Reached XP level 17. HP: 91/91 MP: 18/18
 37273 | Elf:2    | Found a runed translucent gate.
 37274 | Elf:2    | Found a runed translucent gate.
 37274 | Elf:2    | Found a runed translucent gate.
 38544 | Depths:1 | Entered Level 1 of the Depths
 38557 | Depths:1 | Found a one-way gate to the infinite horrors of the Abyss.
 38619 | Depths:1 | Killed from afar by a frost giant

Illustrated notes

Levels and vault maps discovered:
D:1:      dpeg_arrival_long_road, layout_basic, shapermc_ecumenical_altar_petra,
          fountainhead
D:2:      layout_basic
D:3:      layout_basic, chequers_serial_rivers_room_b
D:4:      layout_basic, minmay_temple_entry_ruins, uniq_eustachio, uniq_edmund,
          uniq_grinder
D:5:      kb_forest_paths, layout_cave_pods
D:6:      layout_cave_pods, uniq_sigmund
D:7:      minmay_razor_zed, layout_loops_ring, kennysheep_little_box,
          mainiacjoe_overflow_surrounded_room, serial_shops, shop
D:8:      layout_basic, mainiacjoe_overflow_concentric_impassable, serial_shops,
          shop, hex_intersection, uniq_pikel
D:9:      layout_loops_ring, orc_0_dummy
D:10:     layout_basic, lemuel_doored_altar, lightli_bailey_entry_fortress,
          gammafunk_ghost_wrathful_warriors, uniq_gastronok
D:11:     layout_irregular_city, grunt_lair_entry_orc_guard_hut,
          portal_ice_cave_entry_ice_simulacra
D:12:     layout_cave_pods
D:13:     layout_basic, skrybe_vaults_entry_preservation,
          serial_co_window_serial, co_window_cross_1, co_window_paths_a,
          co_window_paths_a, co_window_paths_a, co_window_corner_a,
          co_window_corner_ca, co_window_paths_c, co_window_corner_ca,
          co_window_corner_cb, co_window_broadway_c, co_window_paths_c,
          co_window_unsneaky_path_a, glass_columns_a, glass_columns_a,
          minivault_27
D:14:     layout_basic, gauntlet_entry_generic, serial_shops, shop,
          nicolae_shop_tiny_waterfront, nicolae_shop_gaudy_bauble, shop,
          solitary_fountain, uniq_snorg
D:15:     grunt_enter_depths_snipers, layout_cross
Temple:   nicolae_temple_two_arcs
Lair:1:   layout_misc_corridors, nzn_sisyphean_effort, uniq_urug, uniq_amaemon
Lair:2:   nzn_winding_woodlands_medium [nzn_winding_woodlands_5x5_open_star,
          nzn_winding_woodlands_5x15_longhouse,
          nzn_winding_woodlands_5x5_default,
          nzn_winding_woodlands_5x5_perimeter,
          nzn_winding_woodlands_center_triple_pond,
          nzn_winding_woodlands_hourglass, nzn_winding_woodlands_5x5_three,
          nzn_winding_woodlands_5x15_pockets,
          nzn_winding_woodlands_5x5_closed_star], layout_cave_shapes,
          guppyfry_snake_entry_island, maelrawn_ghost_gauntlet_escape,
          serial_bayou_shore_a
Lair:3:   layout_loops_ring, minmay_shoals_entry_lonely_mermaid
Lair:4:   layout_cave_pods, beast_lair_carwin_8, grunt_megastairs_2
Lair:5:   grunt_lair_end_beastmaster, layout_layer_cave,
          nicolae_slime_entry_field_trip, minmay_lair_oklob_items,
          hangedman_lair_unloving_vines, nicolae_lair_grazing_beasts
          [nicolae_sub_lair_graze_edge, nicolae_sub_lair_graze_edge,
          nicolae_sub_lair_graze_edge, nicolae_sub_lair_graze_edge]
Shoals:1: layout_shoals, nicolae_shoals_cliffside_cave, uniq_aizul
Snake:1:  layout_onion, lemuel_fruit_tree, uniq_asterion
Orc:1:    cheibrodos_orc_bank, layout_caves, led_sif_book
Orc:2:    grunt_orc_cross, layout_caves, serial_shops, shop
Elf:1:    eino_elf_arrival_the_gate, layout_rooms, serial_shops,
          nicolae_shop_tiny_glass, minivault_28, minmay_shoptagon
Elf:2:    nicolae_elf_blades_crystal_corner, layout_loops_corners, basic_altar,
          uniq_azrael
Depths:1: layout_basic, serial_shops, nicolae_shop_statue_plus, abyss_entry,
          zin_angel, hell_entry, st_stairs_12, hangedman_decor_diamond_cutter,
          kennysheep_vampire_church, grunt_megastairs_5, uniq_norris

Skill      XL: |  1  2  3  4  5  6  7  8  9 10 11 12 13 14 15 16 |
---------------+-------------------------------------------------+-----
Ranged Weapons | 5 6 7 8 10 12 14 15 16 17 18 | 18.6
Dodging        | 4 9 12 14 17 19 21 22 | 22.9
Stealth        | 3 7 10 12 14 16 17 19 | 19.5
Fighting       | 2 4 5 6 8 9 10 11 | 11.2

Action                     |  1- 3 |  4- 6 |  7- 9 | 10-12 | 13-15 | 16-18 || total
---------------------------+-------+-------+-------+-------+-------+-------++-------
   Fire: Shortbow          |   118 |   133 |   362 |  1211 |  2235 |   905 ||  4964
    Use: Scroll            |       |       |    16 |    10 |    14 |     8 ||    48
         Potion            |       |       |     2 |     1 |     5 |     6 ||    14
 Armour: Robe              |     7 |    15 |    13 |       |       |       ||    35
         Steam dragon scal |       |       |    12 |    80 |   192 |   121 ||   405
  Dodge: Dodged            |    19 |    48 |    44 |   320 |   883 |   371 ||  1685

Table legend: (Time is in decaauts)
 A = Elapsed time spent in this place.
 B = Non-inter-level travel time spent in this place.
 C = Inter-level travel time spent in this place.
 D = Time resting spent in this place.
 E = Time spent auto-exploring this place.
 F = Levels seen in this place.
 G = Mean time per level.
                   A        B        C        D        E       F      G
               +--------+--------+--------+--------+--------+-----+--------+
         Total |  28609 |  27310 |   1299 |   7616 |  12661 |  31 |  922.9 |
       Dungeon |  11594 |  10900 |    694 |   1701 |   6573 |  15 |  772.9 |
        Temple |     14 |      2 |     12 |      0 |      0 |   1 |   14.0 |
          Lair |   6141 |   5762 |    379 |    902 |   3054 |   5 | 1228.2 |
        Shoals |   1216 |   1195 |     21 |    390 |    463 |   1 | 1216.0 |
     Snake Pit |    774 |    772 |      2 |    207 |    289 |   1 |  774.0 |
  Orcish Mines |   4314 |   4189 |    125 |   2479 |    793 |   2 | 2157.0 |
   Elven Halls |   3066 |   3005 |     61 |   1341 |   1119 |   2 | 1533.0 |
        Depths |     56 |     56 |      0 |     26 |      0 |   1 |   56.0 |
        Bailey |    665 |    665 |      0 |    425 |     29 |   1 |  665.0 |
      Ice Cave |    260 |    260 |      0 |    116 |      0 |   1 |  260.0 |
      Gauntlet |    506 |    506 |      0 |     26 |    339 |   1 |  506.0 |
               +--------+--------+--------+--------+--------+-----+--------+

Top non-repeatable levels by time:
   Orc:2: 3498 daAuts
    D:11: 1778 daAuts
   Elf:2: 1639 daAuts
  Lair:2: 1619 daAuts
   Elf:1: 1426 daAuts
  Lair:1: 1396 daAuts
  Lair:5: 1255 daAuts
Shoals:1: 1216 daAuts
  Lair:3: 1160 daAuts
    D:13: 1048 daAuts
     D:4: 948 daAuts
     D:7: 851 daAuts
     D:8: 829 daAuts
     D:5: 827 daAuts
   Orc:1: 815 daAuts
